 Dungeon Crawl Stone Soup version 0.30-a0-722-g3e6e8c874d (webtiles) character file.

Game seed: 441870953421576270

12 theblackgale the Ruffian (level 2, -1/25 HPs)
             Began as a Naga Transmuter on Jan 27, 2023.
             Slain by a phantom (3 damage)
             ... on level 5 of the Dungeon.
             The game lasted 00:06:05 (628 turns).

theblackgale the Ruffian (Naga Transmuter)           Turns: 628, Time: 00:06:06

Health: -1/25      AC:  3    Str: 12    XL:     2   Next: 33%
Magic:  14/14      EV:  9    Int: 13    God:
Gold:   16         SH:  0    Dex: 11    Spells: 4/5 levels left

rFire   . . .      SeeInvis +      - Unarmed
rCold   . . .      Faith    .    (no shield)
rNeg    . . .      Spirit   .    d - +0 leather armour
rPois   +          Reflect  .    (no helmet)
rElec   .          Harm     .    (no cloak)
rCorr   .          Rampage  .    e - +0 pair of gloves
Will    .....                    (no barding)
Stlth   +                        (no amulet)
HPRegen 0.24/turn                f - ring of magical power
MPRegen 0.14/turn                (no ring)

@: short of breath, very slow
A: AC +0, large, see invisible, deformed body, poison resistance, slowness 2,
spit poison 1, naga tail 1
a: Spit Poison


You were on level 5 of the Dungeon.
You visited 1 branch of the dungeon, and saw 5 of its levels.

You collected 16 gold pieces.

Inventory:

Armour
 a - a +0 robe
 d - a +0 leather armour (worn)
 e - a +0 pair of gloves (worn)
Jewellery
 f - a ring of magical power (left hand)
Scrolls
 g - 3 scrolls of identify
Potions
 b - a potion of lignification
 c - a potion of flight


   Skills:
 + Level 1.0 Fighting
 + Level 0.1 Armour
 + Level 1.7 Dodging
 + Level 3.5 Unarmed Combat
 + Level 2.0 Spellcasting
 + Level 2.0 Transmutations


You had 4 spell levels left.
You knew the following spells:

 Your Spells              Type           Power      Damage    Failure   Level
a - Beastly Appendage     Tmut           12%        N/A       14%         1

Your spell library contained the following spells:

 Spells                   Type           Power      Damage    Failure   Level
 Wereblood                Tmut           6%         N/A       22%         2
 Spider Form              Tmut/Pois      3%         N/A       54%         3
 Vhi's Electric Charge    Tloc/Air       2%         N/A       67%         3
 Ice Form                 Ice/Tmut       3%         N/A       91%         4
 Arcjolt                  Conj/Air       0%         1d10      100%        5
 Maxwell's Capacitive Co  Air            0%         ∞         100%        8


Dungeon Overview and Level Annotations

Branches:
Dungeon (5/15)
 Temple: D:4-7

Altars:

Shops:
D:4 [


Innate Abilities, Weirdness & Mutations

Your serpentine skin is tough. (AC +0)
You have supernaturally acute eyesight. (SInv)
Armour fits poorly on your strangely shaped body.
Your system is resistant to poisons. (rPois)
You cover ground very slowly.
You can spit poison.
You have a snake-like lower body.


Message History

The adder attacks as you move away! The adder bites you.
* * * LOW HITPOINT WARNING * * *
You have got your breath back.
The adder barely misses you. The adder attacks as you move away!
The adder bites you.
* * * LOW HITPOINT WARNING * * *
The adder bites you but does no damage.
There is an entrance to Qicse's Antique Armour Shop here.
The adder attacks as you move away! The adder barely misses you.
The adder bites you.
* * * LOW HITPOINT WARNING * * *
The adder attacks as you move away! The adder closely misses you.
The adder bites you but does no damage.
There is a stone staircase leading down here.
The adder barely misses you.
You climb downwards.
There is a stone staircase leading up here.
The adder bites you but does no damage. The adder bites you.
* * * LOW HITPOINT WARNING * * *
A phantom comes into view.
Found a long sword.
The adder barely misses you. The phantom hits you.
* * * LOW HITPOINT WARNING * * *
The phantom blinks!
You blink.
The phantom hits you but does no damage.
The phantom attacks as you move away! The phantom closely misses you.
You closely miss the phantom. The phantom closely misses you.
You closely miss the phantom. The phantom closely misses you.
Aiming: Spit Poison (2% risk of failure)
Press: ? - help, Shift-Dir - straight line, f - adder
Aim: an adder (37% to hit)
The splash of poison misses the phantom.
The splash of poison hits the adder.
The adder is poisoned.
The adder is heavily wounded.
The phantom hits you.
* * * LOW HITPOINT WARNING * * *
The phantom barely misses you. The phantom attacks as you move away!
The phantom hits you.
You die...

### #.. #.#
#####.##
########).....
#.@WS......#.##
#.#####.......#
#. #.#####.# #
#. .# #.##.##
#. .# #......
#. .# #<##.##
#. .# #.# # #.
.. ..# ....


You could see a phantom and an adder (poisoned).

Vanquished Creatures
  A dart slug (D:1)
  A bat (D:1)
  A goblin (D:2)
  A hobgoblin (D:1)
  A kobold (D:2)
  A quokka (D:2)
  2 ball pythons (D:1)
  2 rats (D:1)
10 creatures vanquished.

Vanquished Creatures (others)
  4 toadstools (D:1)
4 creatures vanquished.

Grand Total: 14 creatures vanquished

Notes
Turn   | Place    | Note
-------+----------+-------------------------------------------
     0 | D:1      | theblackgale the Naga Transmuter began the quest for the
                  | Orb.
     0 | D:1      | Reached XP level 1. HP: 18/18 MP: 3/3
   490 | D:1      | Reached XP level 2. HP: 24/25 MP: 5/5
   566 | D:4      | Found Qicse's Antique Armour Shop.
   616 | D:5      | Entered Level 5 of the Dungeon
   619 | D:5      | Noticed a phantom
   628 | D:5      | Slain by a phantom

Illustrated notes

Levels and vault maps discovered:
D:1:      ldierk_walled_garden_2, layout_basic
D:2:      layout_loops_ring, basic_altar, minmay_pentomino_pile, uniq_sigmund,
          uniq_natasha
D:3:      layout_basic, ebering_ecumenical_altar_petrified,
          hangedman_decor_peaks_small, uniq_grinder
D:4:      layout_basic, minmay_temple_entry_hall, serial_shops, shop,
          nicolae_stop_n_shop_1
D:5:      layout_loops_ring, fountainhead, nicolae_specific_store

Action                     || total
---------------------------++-------
  Melee: Unarmed           ||    35
         Punch             ||     1
   Cast: Beastly Appendage ||     1
Ability: Spit Poison       ||     5
    Use: Scroll            ||     2
 Armour: Leather armour    ||    17
  Dodge: Dodged            ||    26

Table legend: (Time is in decaauts)
 A = Elapsed time spent in this place.
 B = Non-inter-level travel time spent in this place.
 C = Inter-level travel time spent in this place.
 D = Time resting spent in this place.
 E = Time spent auto-exploring this place.
 F = Levels seen in this place.
 G = Mean time per level.
                   A        B        C        D        E       F      G
               +--------+--------+--------+--------+--------+-----+--------+
         Total |    699 |    509 |    190 |    361 |      0 |   5 |  139.8 |
       Dungeon |    699 |    509 |    190 |    361 |      0 |   5 |  139.8 |
               +--------+--------+--------+--------+--------+-----+--------+

Top non-repeatable levels by time:
     D:1: 522 daAuts
     D:4: 76 daAuts
     D:3: 48 daAuts
     D:2: 38 daAuts
     D:5: 14 daAuts
